 Dungeon Crawl Stone Soup version 0.30.0-20-g3615ddf2f0 (webtiles) character file.

Game seed: 4771022672758395449

3618 qw the Cleaver (level 10, -4/63 HPs)
             Began as a Gargoyle Fighter on May 29, 2023.
             Was a Believer of Okawaru.
             Slain by a manticore (6 damage)
             ... on level 8 of the Dungeon.
             The game lasted 00:03:52 (6739 turns).

qw the Cleaver (Gargoyle Fighter)                   Turns: 6739, Time: 00:03:52

Health: -4/63      AC: 27    Str: 24    XL:     10   Next: 11%
Magic:  12/13      EV:  9    Int:  9    God:    Okawaru [**....]
Gold:   384        SH: 10    Dex:  9    Spells: 9/9 levels left

rFire   . . .        k - +0 war axe (vamp)
rCold   + . .        c - +0 buckler
rNeg    + . .        p - +1 plate armour
rPois   inf          q - +2 helmet
rElec   +            (no cloak)
rCorr   .            (no gloves)
SInv    .            (no boots)
Will    .....        m - amulet of reflection Stlth
                     g - ring of protection from cold
HPRegen 0.30/turn    (no ring)
MPRegen 0.13/turn

%: reflection
@: about to teleport, heroic
A: sickness immunity, AC +7, negative energy resistance 1, electricity
resistance, torment resistance 1, petrification resistance
a: Renounce Religion, Heroism


You were on level 8 of the Dungeon.
You worshipped Okawaru.
Okawaru was pleased with you.
You visited 2 branches of the dungeon, and saw 9 of its levels.
You also visited: Ossuary.

You collected 384 gold pieces.


Innate Abilities, Weirdness & Mutations

You are immune to sickness and miasma.
Your stone body is resilient. (AC +7)
You are immune to poison.
You resist negative energy. (rN+)
You are resistant to electric shocks. (rElec)
You are resistant to unholy torment.
You are immune to petrification.


   Skills:
 - Level 7.2(12.2) Fighting
 + Level 9.0(14.0) Axes
 - Level 3.6(8.6) Throwing
 - Level 6.9(11.9) Armour
 - Level 1.3(6.3) Dodging
 - Level 4.1(9.1) Shields
 - Level 4.2 Invocations


You had 9 spell levels left.
You didn't know any spells.
Your spell library was empty.

Inventory:

Hand Weapons
 h - a +2 war axe of freezing
 k - a +0 vampiric war axe (weapon)
 l - a +2 morningstar of venom
Missiles
 n - a silver javelin (quivered)
Armour
 c - a +0 buckler (worn)
 p - a +1 plate armour (worn)
 q - a +2 helmet (worn)
Jewellery
 g - a ring of protection from cold (left hand)
 m - an amulet of reflection (around neck)
Scrolls
 b - 3 scrolls of teleportation
 j - 3 scrolls of identify
Potions
 a - 2 potions of cancellation
 d - 4 potions of might
 e - 2 potions of haste
 f - 3 potions of curing
 i - a potion of magic
 o - a potion of resistance
 r - a potion of attraction
 s - 2 potions of lignification

Dungeon Overview and Level Annotations

Branches:
Dungeon (8/15)             Temple (1/1) D:4         Ossuary (visited)
   Lair: D:8-11

Altars:
Ashenzari
Cheibriados
Dithmenos
Elyvilon
Fedhas
Gozag
Hepliaklqana
Kikubaaqudgha
Makhleb
Nemelex Xobeh
Okawaru
Qazlal
Ru
Sif Muna
Trog
Uskayaw
Vehumet
Wu Jian
Xom
Yredelemnul
Zin
The Shining One

Shops:
D:4 :

Annotations:
D:5 1 runed translucent door, Crazy Yiuf


Message History

The cyclops is severely wounded.
The cyclops completely misses you.
You slash the cyclops!
You feel better.
The cyclops is almost dead.
You slash the cyclops!
You kill the cyclops!
Okawaru accepts your kill.
Your base Armour skill increases to level 6!
A cyclops comes into view.
The cyclops shouts!
Enter note:
Enter note:
Enter note:
Enter note: The manticore bites you but does no damage.
You block the manticore's attack.
The manticore claws you but does no damage.
Enter note:
Enter note:
Enter note:
Enter note: You slash the manticore!
The manticore is moderately wounded.
The manticore bites you!
The manticore claws you but does no damage.
The manticore misses you.
The cyclops throws a large rock.
The large rock hits you!!
You hit the manticore.
You feel better.
The manticore is moderately wounded.
You block the manticore's attack. The manticore closely misses you.
The manticore claws you!
You closely miss the manticore.
The manticore is moderately wounded.
The cyclops throws a large rock.
The large rock hits you!!
6739 ||| READING 4 scrolls of teleportation.
As you read the scroll of teleportation, it crumbles to dust.
You feel strangely unstable.
The manticore bites you but does no damage.
The manticore claws you.
You die...

..### #...# ###
#...# # #####
###############
#<......(.....#
#.............#
#..####.####..#
#..#.H@....#
#..#.......#
#..#..)$(..#
#..#..$|$..#
#..#..$$[..#
#......C#
#.......#
####.####


You could see a manticore and a cyclops.

Vanquished Creatures
  A cyclops (D:8)
  Maggie (D:8)
  3 water moccasins
  An orc warrior (D:6)
  3 ice beasts
  2 ogres
  2 black bears
  A sky beast (D:7)
  2 centaurs (D:8)
  3 kobold brigands
  A phantom (D:7)
  2 elf zombies (Ossuary)
  A bullfrog (D:8)
  3 gnoll sergeants
  A killer bee (D:8)
  2 centaur zombies (Ossuary)
  3 jellies
  4 hounds
  A human zombie (Ossuary)
  3 orc priests
  A sleepcap (D:6)
  6 iguanas
  2 orc wizards
  2 mummies (Ossuary)
  11 gnolls
  14 adders
  A white imp (D:8)
  An adder zombie (Ossuary)
  4 worms
  A dart slug (D:2)
  7 orcs
  9 endoplasms
  6 giant cockroaches
  10 goblins
  5 hobgoblins
  4 jackals (D:5)
  18 kobolds
  2 quokkas
  13 ball pythons
  4 bats
  3 frilled lizards
  A goblin zombie (Ossuary)
  8 hobgoblin zombies (Ossuary)
  A jackal zombie (Ossuary)
  13 kobold zombies (Ossuary)
  7 orc zombies (Ossuary)
  6 rats
  A rat zombie (Ossuary)
201 creatures vanquished.

Notes
Turn   | Place    | Note
-------+----------+-------------------------------------------
     0 | D:1      | qw the Gargoyle Fighter began the quest for the Orb.
     0 | D:1      | Reached XP level 1. HP: 14/14 MP: 1/1
     0 | D:1      | 0 ||| qw: Version: 0.2-a-102-g2b76a06
     0 | D:1      | 0 ||| qw: Game counter: 442
     0 | D:1      | 0 ||| qw: Always use a shield: true
     0 | D:1      | 0 ||| qw: God list: Okawaru
     0 | D:1      | 0 ||| qw: Allow faded altars: false
     0 | D:1      | 0 ||| qw: Do Orc after D:15 true
     0 | D:1      | 0 ||| qw: Do second Lair branch before Depths: true
     0 | D:1      | 0 ||| qw: Lair rune preference: random
     0 | D:1      | 0 ||| qw: Plans: Normal, Zot:1-4, Slime:5, God:TSO, Crypt,
                  | Tomb, Pan, Hells, Abyss, Win
     0 | D:1      | 0 ||| PLANNING D:1-11
   124 | D:1      | 124 ||| Stepping ~*~*~tactically~*~*~ (hiding).
   126 | D:1      | 126 ||| Stepping ~*~*~tactically~*~*~ (hiding).
   127 | D:1      | 127 ||| Stepping ~*~*~tactically~*~*~ (hiding).
   128 | D:1      | 128 ||| Stepping ~*~*~tactically~*~*~ (hiding).
   129 | D:1      | 129 ||| Stepping ~*~*~tactically~*~*~ (stealth).
   133 | D:1      | Reached skill level 2 in Axes
   250 | D:1      | Reached XP level 2. HP: 19/19 MP: 2/2
   309 | D:1      | 309 ||| DROPPING +0 club.
   516 | D:1      | 516 ||| READING scroll labelled ABRADU HAGAL.
   517 | D:1      | 517 ||| READING scroll labelled ETRYKOMEUCS.
   518 | D:1      | 518 ||| READING scroll labelled WIUZUACUTO.
   594 | D:2      | 594 ||| Stepping ~*~*~tactically~*~*~ (stealth).
   598 | D:2      | 598 ||| Stepping ~*~*~tactically~*~*~ (hiding).
   651 | D:2      | Reached skill level 3 in Axes
   670 | D:2      | Reached XP level 3. HP: 23/23 MP: 3/3
   712 | D:2      | Found a hazy altar of Hepliaklqana.
   728 | D:2      | 728 ||| DROPPING +0 whip.
   882 | D:2      | 882 ||| Stepping ~*~*~tactically~*~*~ (stealth).
   883 | D:2      | 883 ||| Stepping ~*~*~tactically~*~*~ (stealth).
   887 | D:2      | 887 ||| Stepping ~*~*~tactically~*~*~ (stealth).
  1048 | D:2      | You fall into a shaft and drop 1 floor!
  1052 | D:3      | 1052 ||| PLANNING SEWER
  1216 | D:3      | 1216 ||| Stepping ~*~*~tactically~*~*~ (hiding).
  1218 | D:3      | 1218 ||| Stepping ~*~*~tactically~*~*~ (hiding).
  1219 | D:3      | 1219 ||| Stepping ~*~*~tactically~*~*~ (hiding).
  1220 | D:3      | 1220 ||| Stepping ~*~*~tactically~*~*~ (hiding).
  1221 | D:3      | 1221 ||| Stepping ~*~*~tactically~*~*~ (hiding).
  1275 | D:3      | Reached XP level 4. HP: 28/28 MP: 4/4
  1388 | D:3      | 1388 ||| Stepping ~*~*~tactically~*~*~ (stealth).
  1402 | D:3      | Noticed a +0 dagger
  1402 | D:3      | Noticed a +0 spear
  1403 | D:3      | Noticed a +0 short sword
  1403 | D:3      | Noticed a +0 short sword
  1404 | D:3      | Noticed a +0 falchion
  1405 | D:3      | Noticed a +0 dagger
  1405 | D:3      | Noticed a +0 spear
  1406 | D:3      | Noticed a +0 falchion
  1423 | D:3      | Found a hide-covered altar of Uskayaw.
  1445 | D:3      | Reached skill level 4 in Axes
  1539 | D:3      | Found a shadowy altar of Dithmenos.
  1757 | D:3      | 1757 ||| RIP SEWER
  1769 | D:3      | 1769 ||| PLANNING D:1-11
  1771 | D:3      | 1771 ||| DROPPING orb of mayhem.
  1772 | D:3      | 1772 ||| READING scroll labelled DISIOTAMOV.
  1773 | D:3      | 1773 ||| READING scroll labelled JUVVAORES.
  1776 | D:3      | 1776 ||| READING scroll labelled RYCEISCH DOTU.
  1777 | D:3      | 1777 ||| READING scroll labelled GUM EGONYOT.
  1778 | D:3      | 1778 ||| DRINKING 2 viscous black potions.
  1779 | D:3      | 1779 ||| DRINKING 3 red potions.
  1780 | D:3      | 1780 ||| DROPPING 2 potions of magic.
  2120 | D:4      | 2120 ||| Stepping ~*~*~tactically~*~*~ (stealth).
  2126 | D:4      | Found Vysul's Book Shop.
  2128 | D:4      | 2128 ||| Stepping ~*~*~tactically~*~*~ (hiding).
  2129 | D:4      | 2129 ||| Stepping ~*~*~tactically~*~*~ (hiding).
  2130 | D:4      | 2130 ||| Stepping ~*~*~tactically~*~*~ (hiding).
  2150 | D:4      | Reached XP level 5. HP: 32/32 MP: 5/5
  2248 | D:4      | 2248 ||| Stepping ~*~*~tactically~*~*~ (stealth).
  2311 | D:4      | 2311 ||| FLEEEEING.
  2312 | D:4      | 2312 ||| FLEEEEING.
  2313 | D:4      | 2313 ||| FLEEEEING.
  2314 | D:4      | 2314 ||| FLEEEEING.
  2384 | D:4      | Reached skill level 5 in Axes
  2388 | D:4      | 2388 ||| DROPPING +0 flail.
  2495 | D:4      | 2495 ||| Stepping ~*~*~tactically~*~*~ (stealth).
  2497 | D:4      | Found a staircase to the Ecumenical Temple.
  2498 | D:4      | 2498 ||| PLANNING TEMPLE
  2498 | D:4      | 2498 ||| Stepping ~*~*~tactically~*~*~ (stealth).
  2499 | D:4      | 2499 ||| Stepping ~*~*~tactically~*~*~ (stealth).
  2500 | D:4      | 2500 ||| UPGRADING to +0 chain mail.
  2527 | D:4      | 2527 ||| DROPPING +0 scale mail.
  2528 | D:4      | 2528 ||| READING 2 scrolls labelled UWENOU DAVEP.
  2529 | D:4      | 2529 ||| READING scroll labelled ICI SYARRU.
  2530 | D:4      | 2530 ||| READING 4 scrolls of identify.
  2530 | D:4      | 2530 ||| IDENTIFYING green potion
  2531 | D:4      | 2531 ||| DROPPING scroll of immolation.
  2542 | Temple   | Entered the Ecumenical Temple
  2553 | Temple   | 2553 ||| PLANNING OKAWARU WORSHIP
  2758 | Temple   | Became a worshipper of Warmaster Okawaru
  2758 | Temple   | 2758 ||| PLANNING D:1-11
  2936 | D:4      | Reached XP level 6. HP: 38/38 MP: 6/6
  3087 | D:4      | 3087 ||| UPGRADING to ring of protection from cold.
  3088 | D:4      | 3088 ||| DRINKING 2 fuming amethyst potions.
  3126 | D:5      | Entered Level 5 of the Dungeon
  3127 | D:5      | 3127 ||| PLANNING OSSUARY
  3306 | D:5      | HP: 7/38 [ogre/+0 giant club (9)]
  3307 | D:5      | 3307 ||| READING 2 scrolls of teleportation.
  3308 | D:5      | 3308 ||| DRINKING potion of heal wounds.
  3309 | D:5      | Reached * piety under Okawaru
  3310 | D:5      | Reached skill level 6 in Axes
  3310 | D:5      | Reached XP level 7. HP: 36/43 MP: 7/7
  3380 | D:5      | Found an ornate altar of the Wu Jian Council.
  3493 | D:5      | 3493 ||| INVOKING Heroism.
  3504 | D:5      | Reached skill level 1 in Dodging
  3504 | D:5      | Reached skill level 1 in Invocations
  3526 | D:5      | 3526 ||| Stepping ~*~*~tactically~*~*~ (stealth).
  3528 | D:5      | 3528 ||| Stepping ~*~*~tactically~*~*~ (hiding).
  3533 | D:5      | 3533 ||| INVOKING Heroism.
  3609 | D:5      | Found a sand-covered staircase.
  3610 | D:5      | 3610 ||| UPGRADING to amulet of reflection.
  3615 | D:5      | 3615 ||| READING 4 scrolls of identify.
  3615 | D:5      | 3615 ||| IDENTIFYING orange potion
  3620 | Ossuary  | Entered an ossuary
  3699 | Ossuary  | 3699 ||| Stepping ~*~*~tactically~*~*~ (stealth).
  3701 | Ossuary  | 3701 ||| Stepping ~*~*~tactically~*~*~ (stealth).
  3756 | Ossuary  | 3756 ||| FLEEEEING.
  3757 | Ossuary  | 3757 ||| FLEEEEING.
  3758 | Ossuary  | 3758 ||| FLEEEEING.
  3761 | Ossuary  | 3761 ||| FLEEEEING.
  3768 | Ossuary  | 3768 ||| FLEEEEING.
  3769 | Ossuary  | 3769 ||| FLEEEEING.
  3770 | Ossuary  | 3770 ||| FLEEEEING.
  3771 | Ossuary  | 3771 ||| FLEEEEING.
  3772 | Ossuary  | 3772 ||| FLEEEEING.
  3773 | Ossuary  | 3773 ||| FLEEEEING.
  3774 | Ossuary  | 3774 ||| FLEEEEING.
  3775 | Ossuary  | 3775 ||| FLEEEEING.
  3776 | Ossuary  | 3776 ||| FLEEEEING.
  3777 | Ossuary  | 3777 ||| FLEEEEING.
  3778 | Ossuary  | 3778 ||| FLEEEEING.
  3779 | Ossuary  | 3779 ||| FLEEEEING.
  3780 | Ossuary  | 3780 ||| FLEEEEING.
  3781 | Ossuary  | 3781 ||| FLEEEEING.
  3782 | Ossuary  | 3782 ||| FLEEEEING.
  3783 | Ossuary  | 3783 ||| FLEEEEING.
  3784 | Ossuary  | 3784 ||| FLEEEEING.
  3788 | Ossuary  | 3788 ||| FLEEEEING.
  3789 | Ossuary  | 3789 ||| FLEEEEING.
  3805 | Ossuary  | 3805 ||| FLEEEEING.
  3838 | Ossuary  | Reached skill level 3 in Invocations
  4010 | Ossuary  | Reached skill level 1 in Throwing
  4010 | Ossuary  | Reached XP level 8. HP: 44/48 MP: 10/10
  4107 | Ossuary  | 4107 ||| READING 2 scrolls labelled SAREIXEGIUC.
  4108 | Ossuary  | 4108 ||| READING scroll labelled IFIBRA LIXTAL.
  4209 | Ossuary  | 4209 ||| DRINKING 2 ruby potions.
  4210 | Ossuary  | 4210 ||| DRINKING 2 fizzy pink potions.
  4233 | Ossuary  | 4233 ||| READING 3 scrolls of identify.
  4233 | Ossuary  | 4233 ||| IDENTIFYING sedimented puce potion
  4234 | Ossuary  | 4234 ||| DROPPING potion of invisibility.
  4235 | Ossuary  | 4235 ||| DROPPING potion of degeneration.
  4236 | Ossuary  | 4236 ||| DROPPING scroll of fear.
  4248 | D:5      | 4248 ||| PLANNING D:1-11
  4377 | D:5      | Found a radiant altar of Vehumet.
  4446 | D:5      | Found a runed translucent door.
  4447 | D:5      | Noticed Crazy Yiuf
  4843 | D:6      | 4843 ||| INVOKING Heroism.
  4879 | D:6      | 4879 ||| INVOKING Heroism.
  4884 | D:6      | Reached skill level 7 in Axes
  4922 | D:6      | 4922 ||| INVOKING Heroism.
  4926 | D:6      | Reached skill level 8 in Axes
  5223 | D:6      | 5223 ||| Stepping ~*~*~tactically~*~*~ (stealth).
  5225 | D:6      | 5225 ||| Stepping ~*~*~tactically~*~*~ (hiding).
  5237 | D:6      | Reached XP level 9. HP: 55/55 MP: 12/12
  5323 | D:6      | Reached skill level 6 in Fighting
  5503 | D:6      | 5503 ||| UPGRADING to +0 plate armour.
  5513 | D:6      | 5513 ||| DROPPING +0 chain mail.
  5514 | D:6      | 5514 ||| UPGRADING to +2 helmet.
  5519 | D:6      | 5519 ||| DROPPING orb of wrath.
  5520 | D:6      | 5520 ||| READING 4 scrolls of identify.
  5520 | D:6      | 5520 ||| IDENTIFYING amethyst potion
  5768 | D:7      | Reached ** piety under Okawaru
  5840 | D:7      | 5840 ||| INVOKING Heroism.
  5942 | D:7      | 5942 ||| INVOKING Heroism.
  6047 | D:7      | 6047 ||| READING 3 scrolls of identify.
  6047 | D:7      | 6047 ||| IDENTIFYING fizzy brown potion
  6048 | D:7      | 6048 ||| DROPPING potion of brilliance.
  6085 | D:8      | Identified the +3 falchion of Prudence {flame, *Noise Fly
                  | rCorr Dex-2}
  6261 | D:8      | 6261 ||| Stepping ~*~*~tactically~*~*~ (hiding).
  6262 | D:8      | 6262 ||| Stepping ~*~*~tactically~*~*~ (hiding).
  6263 | D:8      | 6263 ||| Stepping ~*~*~tactically~*~*~ (hiding).
  6267 | D:8      | Reached skill level 9 in Axes
  6288 | D:8      | Noticed Maggie
  6295 | D:8      | Killed Maggie
  6296 | D:8      | Reached skill level 3 in Throwing
  6326 | D:8      | Identified the +4 quarterstaff of Qefrilaz {heavy, rCorr}
  6435 | D:8      | 6435 ||| INVOKING Heroism.
  6509 | D:8      | 6509 ||| INVOKING Heroism.
  6610 | D:8      | 6610 ||| READING 2 scrolls labelled HYOMAZUDOE.
  6611 | D:8      | 6611 ||| READING scroll of enchant armour.
  6611 | D:8      | 6611 ||| ENCHANTING +0 plate armour.
  6715 | D:8      | Noticed a manticore
  6720 | D:8      | Noticed a cyclops
  6721 | D:8      | 6721 ||| INVOKING Heroism.
  6731 | D:8      | Reached XP level 10. HP: 59/63 MP: 11/13
  6733 | D:8      | Killed a cyclops
  6734 | D:8      | Reached skill level 6 in Armour
  6734 | D:8      | Noticed a cyclops
  6738 | D:8      | HP: 2/63 [cyclops/large rock (23)]
  6739 | D:8      | 6739 ||| READING 4 scrolls of teleportation.
  6739 | D:8      | Slain by a manticore

Levels and vault maps discovered:
D:1:      dpeg_arrival_windows_large_door, layout_rooms, minmay_unequal
D:2:      layout_loops_ring, basic_altar
D:3:      layout_loops_ring, nicolae_uskayaw_en_pointe, grunt_dithmenos_smoke,
          gup_sewer_entry_bowl, chequers_arboretum, chequers_jeans,
          kennysheep_generic_room_11
D:4:      layout_loops_ring, minmay_temple_entry_large_hall, serial_shops, shop,
          guppyfry_early_lair_pool
D:5:      layout_basic, vehumet_crystals, pdpol_wu_jian_five_deadly_venoms,
          nicolae_ossuary_entry_false_entrances, chequers_serial_rivers_micro_d,
          uniq_crazy_yiuf_cottage
D:6:      cheibrodos_thug_alley, layout_basic
D:7:      layout_basic, minivault_22
D:8:      cheibrodos_elevator_heist, layout_rooms, uniq_maggie
Temple:   eino_narrow_crystal_temple

Skill      XL: |  1  2  3  4  5  6  7  8  9 10 |
---------------+-------------------------------+-----
Axes           | 2 3 4 5 6 8 9 |  9.0
Fighting       | 4 5 7 |  7.2
Dodging        | 1 |  1.3
Invocations    | 3 4 |  4.2
Throwing       | 1 2 3 |  3.6
Armour         | 5 6 |  6.9
Shields        | 4 |  4.1

Action                     |  1- 3 |  4- 6 |  7- 9 | 10-12 || total
---------------------------+-------+-------+-------+-------++-------
  Melee: War axe           |   111 |   181 |   382 |     6 ||   680
  Throw: Javelin           |       |       |    24 |       ||    24
 Invoke: Heroism           |       |       |    10 |       ||    10
    Use: Scroll            |     3 |     8 |     8 |     1 ||    20
         Potion            |       |     4 |     2 |       ||     6
 Armour: Scale mail        |    63 |    41 |       |       ||   104
         Chain mail        |       |    54 |   116 |       ||   170
         Plate armour      |       |       |    97 |     4 ||   101
  Dodge: Dodged            |    44 |    67 |   130 |     3 ||   244
  Block: Buckler           |    23 |    33 |   179 |     2 ||   237
         Reflection        |       |       |     5 |       ||     5

Table legend:
 A = Non-vault XP
 B = Vault XP
 C = Vault XP percentage of total XP
 D = Non-vault monster count
 E = Vault monster count
 F = Vault count percentage of total count
                 A         B        C        D         E       F
            +---------+---------+-------+---------+---------+-------
      Total |    3554 |    1615 |  31.2 |     139 |      62 |  30.8
            +---------+---------+-------+---------+---------+-------
        D:1 |       6 |       4 |  40.0 |       5 |       2 |  28.6
        D:2 |      55 |       0 |   0.0 |      24 |       0 |   0.0
        D:3 |      50 |       7 |  12.3 |      16 |       4 |  20.0
        D:4 |     197 |      39 |  16.5 |      24 |       3 |  11.1
        D:5 |     628 |       0 |   0.0 |      21 |       0 |   0.0
        D:6 |     804 |     212 |  20.9 |      13 |      11 |  45.8
        D:7 |     854 |       0 |   0.0 |       9 |       0 |   0.0
        D:8 |     960 |     950 |  49.7 |      27 |       3 |  10.0
    Ossuary |       0 |     403 | 100.0 |       0 |      39 | 100.0
            +---------+---------+-------+---------+---------+-------
